 Dungeon Crawl Stone Soup version 0.29-a0-243-g602b31c20e (webtiles) character file.

Game seed: 1155610665927480254

32 siradein the Caller (level 3, 0/24 HPs)
             Began as a Vampire Summoner on Mar 4, 2022.
             Succumbed to an adder's poison
             ... on level 1 of the Dungeon.
             The game lasted 00:02:23 (1746 turns).

siradein the Caller (Vampire Summoner)              Turns: 1746, Time: 00:02:23

Health: 0/24       AC:  6    Str:  7    XL:     3   Next: 8%
Magic:  4/7        EV: 10    Int: 25    God:
Gold:   30         SH:  0    Dex: 14    Spells: 4/7 levels left

rFire   . . .      SeeInvis +   a - +0 dagger
rCold   . . .      Faith    .   (no shield)
rNeg    . . .      Spirit   .   b - +0 ring mail
rPois   .          Reflect  .   d - +0 helmet
rElec   .          Harm     .   (no cloak)
rCorr   .          Rampage  .   (no gloves)
Will    .....                   (no boots)
Stlth   ++........              (no amulet)
HPRegen 0.28/turn               c - +6 ring of intelligence
MPRegen 0.10/turn               (no ring)

@: lethally poisoned (0 -> -6), healing quickly
A: alive, fangs 3, see invisible, vampiric 2
a: Exsanguinate


You were on level 1 of the Dungeon.
You visited 1 branch of the dungeon, and saw 2 of its levels.

You collected 30 gold pieces.

Inventory:

Hand Weapons
 a - a +0 dagger (weapon)
Armour
 b - a +0 ring mail (worn)
 d - a +0 helmet (worn)
Magical Staves
 f - a staff of fire
Jewellery
 c - a +6 ring of intelligence (left hand)
Scrolls
 e - a scroll of identify {unknown}
 g - 2 scrolls of blinking {unknown}


   Skills:
 - Level 2.1 Dodging
 - Level 3.0 Stealth
 + Level 2.7 Spellcasting
 + Level 4.5 Summonings


You had 4 spell levels left.
You knew the following spells:

 Your Spells              Type           Power      Damage    Failure   Level
a - Summon Small Mammal   Summ           100%       N/A       6%          1
b - Call Imp              Summ           26%        N/A       9%          2

Your spell library contained the following spells:

 Spells                   Type           Power      Damage    Failure   Level
 Call Canine Familiar     Summ           26%        N/A       17%         3
 Summon Guardian Golem    Hex/Summ       14%        N/A       41%         3
 Summon Lightning Spire   Summ/Air       14%        N/A       82%         4


Dungeon Overview and Level Annotations

Branches:
Dungeon (2/15)

Altars:


Innate Abilities, Weirdness & Mutations

Your natural rate of healing is accelerated.
You have razor-sharp teeth.
You have supernaturally acute eyesight. (SInv)
You are afflicted with vampirism and can become a bat while bloodless.


Message History

* * * LOW HITPOINT WARNING * * *
You hit the rat but do no damage. Your bite misses the rat.
The rat bites you but does no damage. The gnoll hits you with a +0 flail.
* * * LOW HITPOINT WARNING * * *
The gnoll closely misses you.
Your crimson imp barely misses the rat.
Unknown command.
You hit the rat.
You kill the rat!
The gnoll barely misses you. The gnoll closely misses you.
Unknown command.
You swap places.
The gnoll closely misses your crimson imp.
The gnoll hits your crimson imp with a +0 whip.
Your crimson imp hits the gnoll.
The gnoll barely misses your crimson imp.
Your crimson imp closely misses the gnoll.
The gnoll hits your crimson imp with a +0 whip.
The gnoll hits your crimson imp with a +0 flail.
The gnoll hits your crimson imp with a +0 whip!
Your crimson imp dies!
Your crimson imp disappears in a puff of smoke!
There is a stone staircase leading up here.
The adder bites you but does no damage.
You climb upwards.
There is a stone staircase leading down here.
Casting: Call Imp (safe; 9% risk of failure)
Confirm with . or Enter, or press ? or * to list all spells.
A beastly little devil appears in a puff of flame.
The adder closely misses you.
You closely miss the adder. The adder closely misses you. The adder bites you.
* * * LOW HITPOINT WARNING * * *
Your crimson imp blinks!
Unknown command.
You closely miss the adder. The adder bites you.
* * * LOW HITPOINT WARNING * * *
You are lethally poisoned!
The adder poisons you!
Unknown command.
You miss the adder.
You die...

.......#..................#
######.#.#.#...#############
## #.#.........#.........#
.# #.#.##.#..#.#.#######.#
.#####.#.#..#..#.#.# #.#
.#...#.#.#.##..#.#.# #.#
.#b#.#.#.#.......#.# #.#
.#.#.#.#.#####.S.#.# #.#
.#.#.........5..@#.# #.#
.#.###.#.#########.# #.#
.#.)...#...........# #.#
#################### #.#
...................# #.#
....##...†..######.# #.#
....##....).# #.# #.#
....##......# #.# #.#
....##......# #.# #.#


You could see an adder (ally target) and a friendly crimson imp (summoned).

Vanquished Creatures
  3 endoplasms
  A giant cockroach (D:2)
  A goblin (D:1)
  2 hobgoblins
  3 kobolds
  A quokka (D:1)
  2 ball pythons (D:2)
  7 bats
  3 frilled lizards (D:1)
  A rat (D:2)
24 creatures vanquished.

Vanquished Creatures (collateral kills)
  A dart slug (D:2)
  An endoplasm (D:1)
  A hobgoblin (D:1)
  A ball python (D:1)
4 creatures vanquished.

Grand Total: 28 creatures vanquished

Notes
Turn   | Place    | Note
-------+----------+-------------------------------------------
     0 | D:1      | siradein the Vampire Summoner began the quest for the Orb.
     0 | D:1      | Reached XP level 1. HP: 13/13 MP: 3/3
   457 | D:1      | Reached XP level 2. HP: 13/19 MP: 1/5
   515 | D:1      | Learned a level 2 spell: Call Imp
  1602 | D:2      | Gained mutation: You are afflicted with vampirism and can
                  | become a bat while bloodless. [Vampire growth]
  1602 | D:2      | Reached XP level 3. HP: 10/24 MP: 4/7
  1724 | D:2      | HP: 1/24 [gnoll/+0 flail (3)]
  1746 | D:1      | Succumbed to an adder's poison

Illustrated notes

Levels and vault maps discovered:
D:1:      sevenhm_arrival_forest_fort_large_2, layout_basic
D:2:      layout_loops_cross, hellmonk_ecumenical_altar_zigzags

Action                   || total
-------------------------++-------
Melee: Dagger            ||    98
       Unarmed           ||    28
       Bite              ||     8
       Punch             ||     4
 Cast: Summon Small Mamm ||     5
       Call Imp          ||    10
 Stab: Sleeping          ||     3
Armor: Ring mail         ||    71
Dodge: Dodged            ||    85

Table legend: (Time is in decaauts)
 A = Elapsed time spent in this place.
 B = Non-inter-level travel time spent in this place.
 C = Inter-level travel time spent in this place.
 D = Time resting spent in this place.
 E = Time spent auto-exploring this place.
 F = Levels seen in this place.
 G = Mean time per level.
                   A        B        C        D        E       F      G
               +--------+--------+--------+--------+--------+-----+--------+
         Total |   1745 |   1716 |     29 |      0 |   1371 |   2 |  872.5 |
       Dungeon |   1745 |   1716 |     29 |      0 |   1371 |   2 |  872.5 |
               +--------+--------+--------+--------+--------+-----+--------+

Top non-repeatable levels by time:
     D:1: 1344 daAuts
     D:2: 400 daAuts
